 Dungeon Crawl Stone Soup version 0.21-a0-349-g0c35859 (webtiles) character file.

431 HAL9000 the Cutter (level 6, -3/30 HPs)
             Began as a Vine Stalker Assassin on Oct 8, 2017.
             Was an Initiate of Dithmenos.
             Slain by Duvessa
             ... wielding a +0 short sword
              (6 damage)
             ... on level 5 of the Dungeon.
             The game lasted 00:06:19 (4123 turns).

HAL9000 the Cutter (Vine Stalker Assassin)          Turns: 4123, Time: 00:06:20

Health: -3/30      AC:  6    Str: 15    XL:     6   Next: 99%
Magic:  0/7        EV: 11    Int: 12    God:    Dithmenos [......]
Gold:   180        SH:  0    Dex: 15    Spells: 5/5 levels left

rFire    . . .     SeeInvis .   a - +3 dagger
rCold    . . .     Gourm    .   (no shield)
rNeg     . . .     Faith    .   c - +0 robe
rPois    .         Spirit   +   r - +0 hat
rElec    .         Reflect  .   d - +0 cloak
rCorr    .         Harm     .   (no gloves)
MR       +....                  A - +2 pair of boots
Stlth    +++.......             (no amulet)
HPRegen  0.50/turn              w - ring of protection from magic
MPRegen  0.10/turn              (no ring)

@: no status effects
A: fangs 2, regeneration 1, magic shield, antimagic bite, no potion heal 3, rot
immunity
a: Renounce Religion


You were on level 5 of the Dungeon.
You worshipped Dithmenos.
Dithmenos was noncommittal.
You were not hungry.

You visited 2 branches of the dungeon, and saw 6 of its levels.

You collected 180 gold pieces.

Inventory:

Hand Weapons
 a - a +3 dagger (weapon)
 b - a +0 blowgun
 E - a +0 rapier
Missiles
 e - 32 poisoned needles
Armour
 c - a +0 robe (worn)
 d - a +0 cloak (worn)
 r - a +0 hat (worn)
 A - a +2 pair of boots (worn)
Jewellery
 w - a ring of protection from magic (left hand)
Scrolls
 h - 2 scrolls of magic mapping
 i - 2 scrolls of enchant weapon
 m - 2 scrolls of identify
Potions
 k - a potion of berserk rage {unknown}
 l - 2 potions of agility
 n - 2 potions of resistance
 o - a potion of might
 p - 2 potions of flight
 q - 3 potions of brilliance
 u - a potion of lignification {unknown}
 z - a potion of curing {unknown}
 B - a potion of heal wounds {unknown}
 C - a potion of haste {unknown}
Comestibles
 g - 3 bread rations
 v - 2 meat rations
 D - 2 fruits


   Skills:
 - Level 1.7 Fighting
 + Level 6.6 Short Blades
 - Level 1.7 Throwing
 - Level 0.7 Dodging
 - Level 4.8 Stealth


You had 5 spell levels left.
You didn't know any spells.

Dungeon Overview and Level Annotations

Branches:
Dungeon (5/15)             Temple (1/1) D:5

Altars:
Ashenzari
Dithmenos
Fedhas
Hepliaklqana
Makhleb
Okawaru
Qazlal
Ru
Sif Muna
Uskayaw
Vehumet
Wu Jian
Zin
The Shining One

Annotations:
D:5 Duvessa


Innate Abilities, Weirdness & Mutations

You have extremely sharp teeth.
Your natural rate of healing is unusually fast.
When hurt, damage is shared between your health and your magic reserves.
Your bite disrupts and absorbs the magic of your enemies.
Potions cannot restore your health.
You are immune to rotting.


Message History

You hit Duvessa.
Duvessa is almost dead.
You hit Duvessa but do no damage. Your bite misses Duvessa.
Duvessa is almost dead.
Duvessa hits you with a short sword!
* * * LOW HITPOINT WARNING * * *
You hit Duvessa but do no damage.
Duvessa is almost dead.
Duvessa hits you with a short sword.
* * * LOW HITPOINT WARNING * * *
You barely miss Duvessa.
Duvessa is almost dead.
You hit Duvessa.
Duvessa is almost dead.
Duvessa hits you with a short sword.
* * * LOW HITPOINT WARNING * * *
You hit Duvessa but do no damage. Your bite misses Duvessa.
Duvessa is almost dead.
Duvessa hits you with a short sword!
You die...

.......# #............#.###
#.##e#.# #......#####.....#
#.##.#.# #.....<#####.....#
#......# #......##........#
#.##.#.# ###.##.##[##.....#
#<##.#.#####.##...........#
#.##.....()..#####.########
#.####.#.#.#>#####[# #.#
#.#<....@e..))# #..
..#.#...#8>8### ###
####.###.##### #.. ..#
#####.# #.# #.# _.


You could see Duvessa.

Vanquished Creatures
  Blork the orc (D:5)
  Dowan (D:5)
  A howler monkey (D:3)
  A hound (D:4)
  A crimson imp (D:5)
  An orc priest (D:5)
  A worker ant (D:4)
  7 adders
  2 oozes
  3 worms
  2 dart slugs
  2 leopard geckos (D:3)
  7 orcs
  8 bats
  7 giant cockroaches
  8 goblins
  6 hobgoblins
  3 quokkas
  3 ball pythons (D:3)
  5 frilled lizards
  9 kobolds
  3 rats
82 creatures vanquished.

Notes
Turn   | Place    | Note
-------+----------+-------------------------------------------
     0 | D:1      | HAL9000 the Vine Stalker Assassin began the quest for the Orb.
     0 | D:1      | Reached XP level 1. HP: 11/11 MP: 2/2
    51 | D:1      | Reached skill level 2 in Short Blades
   422 | D:1      | Reached XP level 2. HP: 3/15 MP: 3/3
   841 | D:1      | Reached skill level 3 in Short Blades
   866 | D:1      | Reached XP level 3. HP: 17/18 MP: 4/4
  1880 | D:3      | Reached skill level 4 in Short Blades
  1880 | D:3      | Gained mutation: Your natural rate of healing is unusually fast. [Vine Stalker growth]
  1880 | D:3      | Reached XP level 4. HP: 23/23 MP: 5/5
  1886 | D:3      | Found an ornate altar of the Wu Jian Council.
  2195 | D:3      | Reached XP level 5. HP: 26/26 MP: 6/6
  2239 | D:3      | Found a glowing golden altar of the Shining One.
  2377 | D:3      | Found a stormy altar of Qazlal.
  2378 | D:3      | Noticed a fire elemental
  2380 | D:3      | Noticed a water elemental
  2380 | D:3      | Noticed an air elemental
  2550 | D:3      | Reached skill level 5 in Short Blades
  3104 | D:4      | Reached XP level 6. HP: 24/30 MP: 5/7
  3508 | D:4      | Found a blossoming altar of Fedhas.
  3579 | D:5      | Entered Level 5 of the Dungeon
  3579 | D:5      | Found a staircase to the Ecumenical Temple.
  3610 | D:5      | Found a hide-covered altar of Uskayaw.
  3614 | Temple   | Entered the Ecumenical Temple
  3738 | Temple   | Became a worshipper of Dithmenos the Shadowed
  3793 | D:5      | Reached skill level 6 in Short Blades
  3959 | D:5      | Noticed Blork the orc
  3961 | D:5      | Noticed Dowan
  3968 | D:5      | Noticed Duvessa
  4073 | D:5      | Killed Dowan
  4084 | D:5      | Killed Blork the orc
  4123 | D:5      | Slain by Duvessa

Vault maps used:
D:1:      lemuel_arrival_river_bridge
D:3:      nicolae_overflow_crystal_walls, lemuel_crystal_altar,
          portal_sewer_entry_a, hex_tiny, st_stairs_4,
          nicolae_qazlal_style_of_elements
D:4:      marbit_many_paths
D:5:      overflow_temple_1_default, temple_statues, first_bread, serial_shops,
          shop_fountains, uniq_duvessa, uniq_blork_the_orc
Temple:   nicolae_temple_figure_zero

Skill      XL: |  1  2  3  4  5  6 |
---------------+-------------------+-----
Short Blades   | 2 3 4 5 6 |  6.6
Fighting       | |  1.7
Throwing       | |  1.7
Dodging        | |  0.7
Stealth        | |  4.8

Action                   |  1- 3 |  4- 6 || total
-------------------------+-------+-------++-------
Melee: Dagger            |    83 |   176 ||   259
       Bite              |    22 |    47 ||    69
 Fire: Blowgun           |     2 |     3 ||     5
  Use: Scroll            |     2 |     7 ||     9
 Stab: Sleeping          |    10 |    11 ||    21
  Eat: Chunk             |     2 |     7 ||     9
       Fruit             |       |     1 ||     1
Armor: Robe              |    17 |    21 ||    38
Dodge: Dodged            |    48 |    63 ||   111

Table legend:
 A = Spawn XP
 B = Non-spawn XP
 C = Spawn XP percentage of total XP
 D = Spawn monster count
 E = Non-spawn monster count
 F = Spawn count percentage of total count
 G = Total turns spent on level
                    A         B        C        D         E        F      G
               +---------+---------+-------+---------+---------+-------+---------
         Total |       0 |     616 |   0.0 |       0 |      82 |   0.0 |  4123
               +---------+---------+-------+---------+---------+-------+---------
           D:1 |       0 |      41 |   0.0 |       0 |      20 |   0.0 |  1128
           D:2 |       0 |      21 |   0.0 |       0 |      11 |   0.0 |   721
           D:3 |       0 |     189 |   0.0 |       0 |      33 |   0.0 |   877
           D:4 |       0 |      96 |   0.0 |       0 |       8 |   0.0 |   916
           D:5 |       0 |     269 |   0.0 |       0 |      10 |   0.0 |   346
               +---------+---------+-------+---------+---------+-------+---------
